TOP OF THE 1ST |
Boise Hawks batting - Pitching for Salem-Keizer Volcanoes : RHP Lee Chamness
|
Pitching: RHP Lee Chamness
|
|
Batting: LHB Greg Valenzuela
|
0-0: Called Strike 0-1: Ball 1-1: Ball 2-1: Ball 3-1: Base on Balls
|
Batting: RHB Ryan Rinaldi
|
0-0: Ball 1-0: Ball 2-0: Swinging Strike 2-1: SINGLE (Line Drive, 5D, EV 95.0 MPH) Greg Valenzuela to second
|
Batting: SHB Bobby Santor
|
0-0: Ball 1-0: Ball 2-0: Ball 3-0: Base on Balls Greg Valenzuela to third Ryan Rinaldi to second
|
Batting: LHB Zack Guillen
|
0-0: Ball 1-0: Foul Ball, location: 2F 1-1: Fly out, F4 (Line Drive, 4, EV 66.3 MPH)
|
Batting: RHB John Boyer
|
0-0: Ball 1-0: Called Strike 1-1: Ball 2-1: Fly out, F8 (Flyball, 8LM, EV 85.6 MPH)
|
Batting: LHB Steve Gilliam
|
0-0: Foul Ball, location: 2F 0-1: Ball 1-1: Foul Ball, location: 2F 1-2: Ball 2-2: Ball 3-2: DOUBLE (Groundball, 3L, EV 105.6 MPH) Greg Valenzuela scores Ryan Rinaldi scores Bobby Santor to third Bobby Santor scores
|
Batting: RHB Eric Delgado
|
0-0: Ball 1-0: Ball 2-0: Called Strike 2-1: Foul Ball, location: 2F 2-2: Foul Ball, location: 2F 2-2: Foul Ball, location: 2F 2-2: Strikes out looking
|
Top of the 1st over - 3 runs, 2 hits, 0 errors, 1 left on base; Boise 3 - Salem-Keizer 0 |
BOTTOM OF THE 1ST |
Salem-Keizer Volcanoes batting - Pitching for Boise Hawks : LHP Juan Vargas
|
Pitching: LHP Juan Vargas
|
|
Batting: RHB Bill Defazio
|
0-0: Ball 1-0: Ball 2-0: SINGLE (Groundball, 56D, EV 95.0 MPH)
|
Batting: RHB Lucan Esini
|
0-0: Ball 1-0: Ball Bill Defazio steals 2nd base 2-0: DOUBLE (Groundball, 3L, EV 102.5 MPH) Bill Defazio scores
|
Batting: RHB Justin Baldwin
|
0-0: DOUBLE (Line Drive, 9LS, EV 94.4 MPH) Lucan Esini scores
|
Batting: RHB Chris King
|
0-0: Ball 1-0: Swinging Strike 1-1: Ball 2-1: Ball 3-1: Swinging Strike 3-2: Foul Ball, location: 2F 3-2: Base on Balls
|
Batting: RHB Davey Beeson
|
0-0: Grounds into double play, 4-6-3 (Groundball, 4, EV 93.8 MPH) Justin Baldwin to third
|
Batting: RHB Pedro Quezada
|
0-0: Ball 1-0: Ball 2-0: Ball 3-0: Called Strike 3-1: Ground out 6-3 (Groundball, 6S, EV 90.6 MPH)
|
Bottom of the 1st over - 2 runs, 3 hits, 0 errors, 1 left on base; Boise 3 - Salem-Keizer 2 |
TOP OF THE 2ND |
Boise Hawks batting - Pitching for Salem-Keizer Volcanoes : RHP Lee Chamness
|
Batting: RHB Willis Morales
|
0-0: Hit by Pitch
|
Batting: RHB John Stevenson
|
0-0: Called Strike Willis Morales steals 2nd, throwing error, E2 Willis Morales to third 0-1: Ball 1-1: Ball 2-1: Ground out 6-3 (Groundball, 56, EV 83.1 MPH) Willis Morales scores
|
Batting: LHB Greg Valenzuela
|
0-0: Ball 1-0: Ball 2-0: Foul Ball, location: 2F 2-1: Ball 3-1: Base on Balls
|
Batting: RHB Ryan Rinaldi
|
0-0: Called Strike Greg Valenzuela steals 2nd base 0-1: Ball 1-1: Fly out, F8 (Flyball, 8LD, EV 88.1 MPH)
|
Batting: SHB Bobby Santor
|
0-0: Ball 1-0: DOUBLE (Groundball, 5L, EV 105.0 MPH) Greg Valenzuela scores
|
Batting: LHB Zack Guillen
|
0-0: Foul Ball, location: 2F 0-1: Swinging Strike 0-2: Strikes out looking
|
Top of the 2nd over - 2 runs, 1 hit, 1 error, 1 left on base; Boise 5 - Salem-Keizer 2 |
BOTTOM OF THE 2ND |
Salem-Keizer Volcanoes batting - Pitching for Boise Hawks : LHP Juan Vargas
|
Batting: RHB Justin Layton
|
0-0: Ball 1-0: Ground out U3 (Groundball, 3, EV 83.8 MPH)
|
Batting: RHB Gabe Ochoa
|
0-0: Ground out U3 (Groundball, 34, EV 92.5 MPH)
|
Batting: RHB Willie Sanchez
|
0-0: Ground out 6-3 (Groundball, 6MS, EV 83.8 MPH)
|
Bottom of the 2nd over - 0 runs, 0 hits, 0 errors, 0 left on base; Boise 5 - Salem-Keizer 2 |
TOP OF THE 3RD |
Boise Hawks batting - Pitching for Salem-Keizer Volcanoes : RHP Lee Chamness
|
Batting: RHB John Boyer
|
0-0: Foul Ball, location: 2F 0-1: Ball 1-1: Swinging Strike 1-2: Ball 2-2: Strikes out swinging
|
Batting: LHB Steve Gilliam
|
0-0: Fly out, F8 (Flyball, 89XD, EV 91.9 MPH)
|
Batting: RHB Eric Delgado
|
0-0: Ball 1-0: Called Strike 1-1: Foul Ball, location: 2F 1-2: Fly out, F7 (Flyball, 78XD, EV 94.4 MPH)
|
Top of the 3rd over - 0 runs, 0 hits, 0 errors, 0 left on base; Boise 5 - Salem-Keizer 2 |
BOTTOM OF THE 3RD |
Salem-Keizer Volcanoes batting - Pitching for Boise Hawks : LHP Juan Vargas
|
Batting: RHB Bill Defazio
|
0-0: Ball 1-0: Called Strike 1-1: Foul Ball, location: 2F 1-2: Ball 2-2: Strikes out swinging
|
Batting: RHB Lucan Esini
|
0-0: Swinging Strike 0-1: Foul Ball, location: 2F 0-2: Ground out 6-3 (Groundball, 6, EV 105.0 MPH)
|
Batting: RHB Justin Baldwin
|
0-0: Ball 1-0: Swinging Strike 1-1: Swinging Strike 1-2: Ball 2-2: Ball 3-2: Ground out 6-3 (Groundball, 6, EV 80.6 MPH)
|
Bottom of the 3rd over - 0 runs, 0 hits, 0 errors, 0 left on base; Boise 5 - Salem-Keizer 2 |
TOP OF THE 4TH |
Boise Hawks batting - Pitching for Salem-Keizer Volcanoes : RHP Lee Chamness
|
Pitching: RHP Chase Joy
|
|
Batting: RHB Willis Morales
|
0-0: Called Strike 0-1: Fly out, F4 (Line Drive, 4, EV 74.4 MPH)
|
Batting: RHB John Stevenson
|
0-0: Ball 1-0: Ball 2-0: Called Strike 2-1: Swinging Strike 2-2: Foul Ball, location: 2F 2-2: Strikes out swinging
|
Batting: LHB Greg Valenzuela
|
0-0: Ground out 6-3 (Groundball, 6M, EV 98.8 MPH)
|
Top of the 4th over - 0 runs, 0 hits, 0 errors, 0 left on base; Boise 5 - Salem-Keizer 2 |
BOTTOM OF THE 4TH |
Salem-Keizer Volcanoes batting - Pitching for Boise Hawks : LHP Juan Vargas
|
Batting: RHB Chris King
|
0-0: Foul Ball, location: 2F 0-1: Swinging Strike 0-2: Foul Ball, location: 2F 0-2: Ball 1-2: Foul Ball, location: 2F 1-2: Ball 2-2: Ball 3-2: Base on Balls
|
Batting: RHB Davey Beeson
|
0-0: Called Strike 0-1: Called Strike 0-2: SINGLE (Groundball, 34D, EV 103.8 MPH) Chris King to second Runner from 2nd tries for 3rd, OUT! 9-5
|
Batting: RHB Pedro Quezada
|
0-0: Ball 1-0: Called Strike 1-1: Ball 2-1: Fielders Choice at 2nd, 5-4 (Groundball, 5L, EV 105.6 MPH)
|
Batting: RHB Justin Layton
|
0-0: Ball Pedro Quezada steals 2nd base 1-0: Foul Ball, location: 2F 1-1: Foul Ball, location: 2F 1-2: Ground out 3-1 (Groundball, 34, EV 76.9 MPH)
|
Bottom of the 4th over - 0 runs, 1 hit, 0 errors, 1 left on base; Boise 5 - Salem-Keizer 2 |
TOP OF THE 5TH |
Boise Hawks batting - Pitching for Salem-Keizer Volcanoes : RHP Chase Joy
|
Batting: RHB Ryan Rinaldi
|
0-0: Called Strike 0-1: Fly out, F7 (Flyball, 78M, EV 93.1 MPH)
|
Batting: SHB Bobby Santor
|
0-0: Called Strike 0-1: Swinging Strike 0-2: Strikes out swinging
|
Batting: LHB Zack Guillen
|
0-0: Ball 1-0: Swinging Strike 1-1: Swinging Strike 1-2: Strikes out swinging
|
Top of the 5th over - 0 runs, 0 hits, 0 errors, 0 left on base; Boise 5 - Salem-Keizer 2 |
BOTTOM OF THE 5TH |
Salem-Keizer Volcanoes batting - Pitching for Boise Hawks : LHP Juan Vargas
|
Batting: RHB Gabe Ochoa
|
0-0: Ball 1-0: Ball 2-0: Called Strike 2-1: Foul Ball, location: 2F 2-2: Strikes out swinging
|
Batting: RHB Willie Sanchez
|
0-0: Ball 1-0: Called Strike 1-1: Ball 2-1: Foul Ball, location: 2F 2-2: Ground out 6-3 (Groundball, 6S, EV 81.3 MPH)
|
Batting: RHB Bill Defazio
|
0-0: Ball 1-0: DOUBLE (Line Drive, 8LD, EV 112.5 MPH)
|
Batting: RHB Lucan Esini
|
0-0: Ball 1-0: Ball 2-0: SINGLE (Groundball, 56D, EV 99.4 MPH) Bill Defazio to third
|
Batting: RHB Justin Baldwin
|
0-0: Ground out 5-3 (Groundball, 56S, EV 90.0 MPH)
|
Bottom of the 5th over - 0 runs, 2 hits, 0 errors, 2 left on base; Boise 5 - Salem-Keizer 2 |
TOP OF THE 6TH |
Boise Hawks batting - Pitching for Salem-Keizer Volcanoes : RHP Chase Joy
|
Batting: RHB John Boyer
|
0-0: Ball 1-0: Ball 2-0: Called Strike 2-1: Foul Ball, location: 2F 2-2: Foul Ball, location: 2F 2-2: SINGLE (Flyball, 3D, EV 96.9 MPH)
|
Pitching: RHP Mike Richards
|
|
Batting: LHB Steve Gilliam
|
0-0: Grounds into double play, 6-4-3 (Groundball, 6, EV 86.9 MPH)
|
Batting: RHB Eric Delgado
|
0-0: Ball 1-0: Foul Ball, location: 2F 1-1: SINGLE (Groundball, 56D, EV 100.0 MPH) (infield hit)
|
Batting: RHB Willis Morales
|
0-0: Ball 1-0: Called Strike 1-1: Foul Ball, location: 2F 1-2: Ball 2-2: Fly out, F8 (Flyball, 78M, EV 91.3 MPH)
|
Top of the 6th over - 0 runs, 2 hits, 0 errors, 1 left on base; Boise 5 - Salem-Keizer 2 |
BOTTOM OF THE 6TH |
Salem-Keizer Volcanoes batting - Pitching for Boise Hawks : LHP Juan Vargas
|
Batting: RHB Chris King
|
0-0: Foul Ball, location: 2F 0-1: Ball 1-1: SOLO HOME RUN (Flyball, 7LD, EV 102.5 MPH), Distance : 380 ft
|
Pitching: LHP Dan Ott
|
|
Batting: RHB Davey Beeson
|
0-0: Ball 1-0: Ball 2-0: Ground out 4-3 (Groundball, 4M, EV 90.6 MPH)
|
Batting: RHB Pedro Quezada
|
0-0: Ball 1-0: Called Strike 1-1: Ball 2-1: Ball 3-1: SINGLE (Line Drive, 6D, EV 100.6 MPH)
|
Batting: RHB Justin Layton
|
0-0: Ball Pedro Quezada steals 2nd base 1-0: Called Strike 1-1: Ball 2-1: Called Strike Pedro Quezada steals 3rd base 2-2: Ball 3-2: SINGLE (Line Drive, 8RS, EV 88.1 MPH) Pedro Quezada scores
|
Batting: RHB Gabe Ochoa
|
0-0: Ball Justin Layton steals 2nd base 1-0: Ball 2-0: Called Strike 2-1: Foul Ball, location: 2F 2-2: Strikes out swinging
|
Batting: RHB Willie Sanchez
|
0-0: Called Strike 0-1: DOUBLE (Line Drive, 78D, EV 106.9 MPH) Justin Layton scores
|
Batting: RHB Bill Defazio
|
0-0: Swinging Strike 0-1: Called Strike 0-2: Ball 1-2: Foul Ball, location: 2F 1-2: Foul Ball, location: 2F 1-2: Ball 2-2: Ball 3-2: Base on Balls
|
Batting: RHB Lucan Esini
|
0-0: Ball 1-0: Called Strike 1-1: Called Strike 1-2: Ball 2-2: Foul Ball, location: 2F 2-2: DOUBLE (Groundball, 5L, EV 104.4 MPH) Willie Sanchez scores Bill Defazio to third Runner from 3rd tries for Home, throw by LF and OUT! 7-6-2
|
Bottom of the 6th over - 4 runs, 5 hits, 0 errors, 1 left on base; Boise 5 - Salem-Keizer 6 |
TOP OF THE 7TH |
Boise Hawks batting - Pitching for Salem-Keizer Volcanoes : RHP Mike Richards
|
Batting: RHB John Stevenson
|
0-0: SINGLE (Line Drive, 9S, EV 98.8 MPH)
|
Batting: LHB Greg Valenzuela
|
0-0: Bunt missed! 0-1: Ball 1-1: Sac Bunt to 2R - play at first, batter OUT! 2-4 John Stevenson to second
|
Batting: RHB Ryan Rinaldi
|
0-0: Foul Ball, location: 2F 0-1: Ball 1-1: Ball 2-1: Ball 3-1: Foul Ball, location: 2F 3-2: Ground out 6-3 (Groundball, 6, EV 105.0 MPH)
|
Batting: SHB Bobby Santor
|
0-0: Ball 1-0: Foul Ball, location: 2F 1-1: SINGLE (Flyball, 6D, EV 87.5 MPH) John Stevenson to third Runner from 3rd tries for Home, SAFE, throw by CF to home
|
Batting: LHB Zack Guillen
|
0-0: Ball 1-0: Called Strike 1-1: Called Strike Bobby Santor steals 2nd base 1-2: Foul Ball, location: 2F 1-2: Ground out 4-3 (Groundball, 4, EV 84.4 MPH)
|
Top of the 7th over - 1 run, 2 hits, 0 errors, 1 left on base; Boise 6 - Salem-Keizer 6 |
BOTTOM OF THE 7TH |
Salem-Keizer Volcanoes batting - Pitching for Boise Hawks : LHP Dan Ott
|
Pitching: RHP Mike Clark
|
|
Batting: RHB Justin Baldwin
|
0-0: Ball 1-0: Called Strike 1-1: Foul Ball, location: 2F 1-2: Ground out 3-1 (Groundball, 34, EV 91.9 MPH)
|
Batting: RHB Chris King
|
0-0: Called Strike 0-1: Swinging Strike 0-2: Ball 1-2: Ball 2-2: Ball 3-2: Foul Ball, location: 2F 3-2: SINGLE (Groundball, 4MD, EV 103.8 MPH)
|
Batting: LHB Terry Ebersole
|
0-0: Called Strike 0-1: Ball 1-1: Called Strike 1-2: Foul Ball, location: 2F 1-2: Ball 2-2: Ball 3-2: Foul Ball, location: 2F 3-2: DOUBLE (Line Drive, 9LS, EV 105.6 MPH) Chris King to third Runner from 3rd tries for Home, SAFE, throw by RF to trailing runner, SAFE at third!
|
Pinch Hitting: LHB Gil Caraveo
|
0-0: Swinging Strike 0-1: Swinging Strike 0-2: Ball 1-2: Foul Ball, location: 2F 1-2: Foul Ball, location: 2F 1-2: Ball 2-2: DOUBLE (Line Drive, 89D, EV 105.6 MPH) Terry Ebersole scores
|
Batting: RHB Justin Layton
|
0-0: Ball 1-0: Ball Gil Caraveo steals 3rd base 2-0: Ball 3-0: Base on Balls
|
Batting: RHB Gabe Ochoa
|
0-0: Called Strike 0-1: Ball Justin Layton is caught stealing 2nd base 2-4 1-1: Ball 2-1: SINGLE (Groundball, 6M, EV 103.1 MPH) (infield hit) Gil Caraveo scores
|
Pitching: LHP Glenn Lowther
|
|
Batting: RHB Willie Sanchez
|
0-0: Ball 1-0: Foul Ball, location: 2F 1-1: Swinging Strike 1-2: Strikes out swinging
|
Bottom of the 7th over - 3 runs, 4 hits, 0 errors, 1 left on base; Boise 6 - Salem-Keizer 9 |
TOP OF THE 8TH |
Boise Hawks batting - Pitching for Salem-Keizer Volcanoes : RHP Mike Richards
|
Pitching: LHP Travis Stichter
|
|
Now at 1B: Gil Caraveo
|
|
Batting: RHB John Boyer
|
0-0: Ball 1-0: Called Strike 1-1: Ball 2-1: Foul Ball, location: 2F 2-2: Foul Ball, location: 2F 2-2: Ball 3-2: Strikes out swinging
|
Batting: LHB Steve Gilliam
|
0-0: Swinging Strike 0-1: Ball 1-1: Foul Ball, location: 2F 1-2: Ball 2-2: Strikes out swinging
|
Batting: RHB Eric Delgado
|
0-0: Called Strike 0-1: Ball 1-1: Ball 2-1: Foul Ball, location: 2F 2-2: Foul Ball, location: 2F 2-2: Foul Ball, location: 2F 2-2: Ball 3-2: Fly out, F9 (Flyball, 8RM, EV 90.6 MPH)
|
Top of the 8th over - 0 runs, 0 hits, 0 errors, 0 left on base; Boise 6 - Salem-Keizer 9 |
BOTTOM OF THE 8TH |
Salem-Keizer Volcanoes batting - Pitching for Boise Hawks : LHP Glenn Lowther
|
Batting: RHB Bill Defazio
|
0-0: Swinging Strike 0-1: Ball 1-1: Called Strike 1-2: Foul Ball, location: 2F 1-2: Ground out 4-3 (Groundball, 4, EV 86.3 MPH)
|
Batting: RHB Lucan Esini
|
0-0: Ball 1-0: Foul Ball, location: 2F 1-1: Swinging Strike 1-2: Foul Ball, location: 2F 1-2: Ball 2-2: Ball 3-2: Strikes out swinging
|
Batting: RHB Justin Baldwin
|
0-0: Called Strike 0-1: Ground out 5-3 (Groundball, 56, EV 83.1 MPH)
|
Bottom of the 8th over - 0 runs, 0 hits, 0 errors, 0 left on base; Boise 6 - Salem-Keizer 9 |
TOP OF THE 9TH |
Boise Hawks batting - Pitching for Salem-Keizer Volcanoes : LHP Travis Stichter
|
Pitching: RHP Juan Flores
|
|
Batting: RHB Willis Morales
|
0-0: Foul Ball, location: 2F 0-1: Swinging Strike 0-2: Foul Ball, location: 2F 0-2: Ball 1-2: Ball 2-2: Strikes out swinging
|
Batting: RHB John Stevenson
|
0-0: Called Strike 0-1: Ball 1-1: Swinging Strike 1-2: SINGLE (Groundball, 56D, EV 105.0 MPH)
|
Batting: LHB Greg Valenzuela
|
0-0: Foul Ball, location: 2F 0-1: Ball 1-1: Swinging Strike 1-2: Ball 2-2: Fly out, F8 (Line Drive, 8RD, EV 91.3 MPH)
|
Batting: RHB Ryan Rinaldi
|
0-0: Ball 1-0: Called Strike 1-1: Ball 2-1: Foul Ball, location: 2F 2-2: Strikes out swinging
|
Top of the 9th over - 0 runs, 1 hit, 0 errors, 1 left on base; Boise 6 - Salem-Keizer 9 |
|